Map: Site Delta LE

Players

Reynor

  • Race: Zerg Zerg
  • League: Master
  • Spawn Location: 5:00

Wayne (Vanya) - Winner!

  • Race: Zerg Zerg
  • League: Master
  • Spawn Location: 11:00

VOD

Have the link to the VOD?

Description

Time

  • Played on: Dec. 28, 2023, 8:06 a.m.
  • Length: 13:19
Show
View Real Time Build Order
Export as new Build Order

Reynor Zerg 

Build Orders: Hatch First 

Get SALT Encoding   

  12  0:00  Drone  
  13  0:12  Overlord  
  13  0:16  Drone  
  14  0:30  Drone x2  
  16  0:46  Hatchery  
  15  0:50  Drone  
  15  0:53  Drone  
  15  0:56  Drone  
  18  1:07  Extractor  
  17  1:12  Spawning Pool  
  17  1:15  Drone  
  17  1:18  Drone  
  18  1:27  Drone  
  19  1:38  Drone  
  20  1:48  Drone  
  21  1:59  Queen x2, Overlord  
  21  2:00  Zergling x2  
  26  2:09  Drone  
  26  2:10  Drone  
  26  2:12  Evolution Chamber  
  27  2:20  Drone  
  27  2:21  Drone  
  29  2:31  Drone, Zergling x2  
  29  2:36  Queen  
  31  2:38  Zerg Ground Armor Level 1  
  31  2:42  Overlord  
  31  2:43  Drone  
  34  2:52  Drone  
  34  2:53  Drone  
  36  3:00  Queen  
  36  3:03  Overlord  
  36  3:04  Drone  
  39  3:11  Drone x2  
  40  3:15  Metabolic Boost  
  40  3:19  Drone x2  
  42  3:20  Evolution Chamber  
  42  3:26  Drone  
  42  3:27  Drone x2  
  44  3:30  Overlord  
  44  3:36  Zergling x2  
  44  3:39  Zergling x2  
  44  3:40  Zergling x4  
  48  3:44  Overlord  
  48  3:49  Zergling x6  
  48  3:51  Drone  
  48  3:55  Zergling x2  
  53  4:03  Zergling x2  
  53  4:05  Zergling x2  
  53  4:06  Zerg Missile Weapons Level 1  
  53  4:09  Drone  
  56  4:11  Zergling x4  
  56  4:12  Hatchery  
  56  4:17  Roach Warren, Zergling x2  
  56  4:21  Zergling x2  
  58  4:26  Zergling x2  
  58  4:27  Zergling x4  
  58  4:30  Overlord  
  61  4:34  Lair  
  61  4:36  Drone  
  62  4:40  Drone x4  
  62  4:42  Extractor  
  62  4:43  Drone  
  66  4:51  Overlord  
  66  4:53  Drone x2  
  66  4:54  Drone  
  66  4:55  Drone  
  70  5:02  Extractor  
  70  5:03  Overlord, Extractor  
  68  5:09  Drone  
  68  5:13  Roach x4  
  76  5:19  Roach  
  76  5:26  Zergling x2, Roach  
  71  5:31  Zergling x8  
  71  5:32  Queen  
  76  5:38  Roach x2  
  80  5:42  Overlord  
  80  5:46  Roach  
  80  5:48  Roach  
  84  5:50  Queen  
  84  5:53  Roach  
  84  5:56  Roach x3  
  94  5:58  Overlord  
  94  6:00  Roach x2  
  96  6:05  Roach x2  
  96  6:07  Roach  
  93  6:13  Zergling x2, Roach  
  93  6:17  Roach  
  76  6:20  Zergling x2  
  76  6:24  Roach  
  62  6:31  Roach  
  54  6:34  Roach  
  45  6:40  Roach  
  45  6:42  Roach  
  49  6:47  Roach  
  49  6:52  Roach  
  49  6:55  Ravager  
  49  6:56  Roach  
  49  6:58  Zergling x2  
  48  7:02  Roach  
  50  7:08  Zergling x2, Roach  
  50  7:14  Zergling x2, Roach  
  44  7:23  Roach x2  
  44  7:27  Zergling x4  
  49  7:33  Drone, Zergling x2  
  51  7:38  Drone x3  
  51  7:40  Drone  
  55  7:45  Drone x2  
  55  7:49  Drone x2  
  59  7:56  Drone  
  59  7:58  Drone  
  61  8:00  Overseer  
  61  8:02  Drone  
  62  8:06  Queen  
  64  8:14  Drone x2  
  67  8:22  Evolution Chamber  
  67  8:23  Ravager x3  
  67  8:25  Roach  
  67  8:26  Roach  
  72  8:35  Roach x2  
  72  8:38  Roach  
  76  8:45  Roach  
  77  8:53  Roach x2  
  81  8:55  Roach Warren  
  81  9:02  Spire  
  79  9:04  Drone  
  80  9:10  Glial Reconstitution  
  80  9:12  Drone x2  
  80  9:15  Overlord  
  82  9:23  Zerg Missile Weapons Level 2  
  82  9:29  Roach x2  
  86  9:49  Hatchery  
  85  9:56  Overlord  
  85  10:12  Overlord  
  85  10:14  Mutalisk x5  
  85  10:21  Queen  
  97  10:23  Mutalisk  
  97  10:28  Drone x4  
  103  10:29  Drone  
  103  10:33  Mutalisk  
  106  10:41  Overlord  
  106  10:44  Mutalisk  
  108  10:51  Drone x3  
  108  10:55  Drone  
  108  10:56  Drone x2  
  114  11:00  Overlord  
  114  11:05  Roach x2  
  114  11:09  Roach  
  120  11:13  Drone x2  
  122  11:21  Extractor  
  122  11:22  Overlord, Extractor  
  122  11:25  Roach x3  
  126  11:26  Roach  
  126  11:32  Ravager x4  
  132  11:33  Roach x2  
  132  11:35  Overlord  
  136  11:47  Roach x5  
  146  12:00  Roach x5  
  154  12:05  Overlord  
  154  12:11  Overlord  
  154  12:12  Overlord  
  154  12:17  Overlord  
  154  12:19  Ravager x3  
  154  12:22  Roach x2  
  153  12:31  Roach x2  
  155  12:37  Roach x2  
  155  12:41  Roach x4  
  150  12:48  Roach x2  
  150  12:49  Ravager  
  145  12:56  Roach  
  145  12:57  Ravager  
  148  12:59  Roach x4  
Show
View Real Time Build Order
Export as new Build Order

Wayne Zerg - Winner!

Build Orders: Hatch First 

Get SALT Encoding   

  12  0:00  Drone  
  13  0:12  Overlord  
  13  0:17  Drone  
  14  0:30  Drone x2  
  16  0:49  Hatchery  
  15  0:51  Drone  
  15  0:55  Drone  
  17  0:58  Drone  
  18  1:09  Extractor  
  17  1:13  Spawning Pool  
  17  1:16  Drone  
  17  1:19  Drone  
  18  1:28  Drone  
  19  1:38  Drone  
  20  1:49  Drone  
  21  2:01  Zergling x2, Queen x2  
  21  2:02  Overlord  
  26  2:13  Drone x2, Metabolic Boost  
  29  2:22  Zergling x2  
  29  2:23  Drone  
  30  2:32  Drone  
  30  2:35  Hatchery  
  30  2:40  Drone  
  30  2:43  Overlord  
  31  2:45  Drone  
  32  2:55  Zergling x2  
  32  2:58  Drone  
  34  3:06  Drone x2  
  34  3:12  Drone x4  
  40  3:15  Overlord  
  40  3:16  Queen  
  42  3:20  Evolution Chamber  
  42  3:22  Drone x2  
  42  3:23  Drone  
  44  3:36  Roach Warren  
  44  3:37  Drone  
  44  3:38  Drone  
  44  3:40  Extractor  
  44  3:45  Drone x2  
  44  3:46  Zerg Ground Armor Level 1  
  44  3:47  Drone  
  46  3:49  Zergling x4  
  46  3:54  Overlord  
  48  3:56  Zergling x4  
  48  3:58  Zergling x2  
  51  4:03  Zergling x2  
  51  4:04  Zergling x2  
  51  4:06  Overlord  
  53  4:16  Overlord  
  53  4:20  Roach  
  53  4:21  Roach x4  
  63  4:26  Roach x2  
  63  4:28  Overlord  
  67  4:33  Overlord  
  67  4:38  Zergling x8  
  71  4:44  Roach x2  
  75  4:49  Zergling x8  
  79  4:57  Roach x3  
  85  5:01  Overlord  
  85  5:05  Zergling x8  
  89  5:20  Zergling x14  
  94  5:24  Ravager  
  94  5:25  Ravager  
  96  5:32  Zergling x10  
  100  5:39  Zergling x2  
  101  5:45  Ravager  
  101  5:48  Overlord  
  102  5:50  Zergling x4  
  102  5:51  Zergling x2  
  102  5:55  Overlord  
  102  5:56  Zergling x2  
  102  5:57  Zergling x2  
  104  6:02  Zergling x6  
  101  6:07  Zergling x2  
  101  6:08  Zergling x4  
  91  6:18  Zergling x4  
  81  6:21  Zergling x10  
  67  6:32  Zergling x2  
  67  6:33  Zergling x4  
  67  6:37  Zergling x2  
  67  6:38  Zergling x2  
  60  6:40  Zergling x2  
  60  6:41  Zergling x4  
  59  6:50  Ravager  
  59  6:51  Roach  
  59  6:52  Roach x2  
  63  6:58  Roach x3  
  64  7:02  Roach  
  64  7:03  Roach  
  64  7:07  Zergling x2  
  65  7:14  Zergling x6  
  62  7:25  Zergling x4  
  62  7:26  Zergling x2  
  63  7:32  Zergling x10  
  63  7:36  Roach  
  66  7:42  Roach x3  
  70  7:48  Zergling x2, Ravager  
  72  7:52  Zergling x2  
  72  7:56  Zergling x2  
  72  7:57  Zergling x8  
  78  8:02  Roach  
  78  8:03  Roach  
  82  8:10  Roach  
  86  8:13  Roach  
  86  8:14  Zergling x4  
  86  8:18  Zergling x4  
  90  8:26  Drone x4  
  94  8:30  Drone  
  94  8:31  Drone  
  96  8:35  Overlord  
  96  8:37  Drone  
  92  8:42  Ravager x2  
  92  8:44  Drone  
  96  8:48  Drone x2  
  97  8:59  Drone x3  
  97  9:00  Drone x3  
  95  9:03  Drone x2  
  95  9:08  Zerg Missile Weapons Level 1  
  97  9:11  Extractor  
  97  9:13  Queen  
  98  9:22  Drone x2  
  98  9:23  Drone x4  
  104  9:28  Lair  
  104  9:32  Drone x3  
  104  9:34  Drone  
  108  9:42  Extractor  
  108  9:43  Drone x6  
  112  9:55  Overlord  
  112  9:57  Drone  
  117  10:00  Extractor, Roach x4  
  117  10:04  Overlord  
  120  10:09  Overlord  
  120  10:11  Drone  
  120  10:13  Roach x3  
  127  10:27  Hydralisk Den, Glial Reconstitution  
  127  10:28  Overseer  
  126  10:30  Roach x6  
  138  10:40  Drone  
  138  10:42  Overlord  
  139  10:45  Overlord  
  139  10:48  Spore Crawler  
  139  10:49  Spore Crawler  
  136  10:54  Spore Crawler, Overlord  
  135  10:58  Hydralisk, Grooved Spines  
  135  10:59  Hydralisk x4  
  135  11:03  Drone x2  
  135  11:04  Extractor  
  146  11:05  Hydralisk  
  146  11:07  Hydralisk  
  146  11:08  Hydralisk  
  152  11:17  Hydralisk  
  152  11:18  Hydralisk x3  
  156  11:23  Overlord  
  160  11:29  Hydralisk x3  
  166  11:41  Roach x2  
  168  11:48  Roach x5  
  168  11:50  Overlord  
  168  11:52  Muscular Augments  
  177  11:56  Overlord  
  177  12:00  Overlord  
  174  12:03  Overlord  
  174  12:05  Roach  
  174  12:06  Roach  
  176  12:11  Roach x3  
  178  12:19  Hydralisk x3  
  180  12:26  Roach x3  
  184  12:33  Roach x3  
  189  12:43  Roach x4  
  179  12:47  Roach x3  
  177  12:56  Roach x4  
Tags
 
Add a new tag
Caveats
  • Supply blocks, unpowered buildings, or Contaminate may cause inaccurate times.
  • Supply counts are checked every 10 seconds.